 Dungeon Crawl Stone Soup version 0.28-a0-620-g539b0f7ac7 (webtiles) character file.

Game seed: 5509811708610194622

156 meatgazer the Covered (level 5, -3/41 HPs)
             Began as a Gnoll Wanderer on Oct 6, 2021.
             Slain by a steam dragon (4 damage)
             ... on level 4 of the Dungeon.
             The game lasted 00:09:00 (4822 turns).

meatgazer the Covered (Gnoll Wanderer)              Turns: 4822, Time: 00:09:00

Health: -3/41      AC:  4    Str:  8 (10) XL:     5   Next: 38%
Magic:  13/18      EV: 12    Int:  7 (10) God:
Gold:   148        SH:  0    Dex: 14 (15) Spells: 6/10 levels left

rFire   . . .      SeeInvis .   j - +2 dagger (vamp)
rCold   . . .      Faith    .   (no shield)
rNeg    + . .      Spirit   .   e - +2 robe {rN+}
rPois   .          Reflect  .   (no helmet)
rElec   .          Harm     .   (no cloak)
rCorr   .          Rampage  .   (no gloves)
Will    .....                   (no boots)
Stlth   ++........              (no amulet)
HPRegen 0.13/turn               g - ring of magical power
MPRegen 0.16/turn               (no ring)

@: freezing walls
A: fangs 1, strong nose, distributed training
a: no special abilities


You were on level 4 of the Dungeon.
You visited 1 branch of the dungeon, and saw 4 of its levels.

You collected 148 gold pieces.

Inventory:

Hand Weapons
 j - a +2 vampiric dagger (weapon)
Armour
 c - a +0 kite shield
 e - a +2 robe of positive energy (worn)
Jewellery
 g - a ring of magical power (left hand)
Scrolls
 b - a scroll of teleportation
 f - 2 scrolls of amnesia
Potions
 a - 3 potions of berserk rage
 h - a potion of heal wounds {unknown}
 i - a potion of flight {unknown}
 k - a potion of cancellation {unknown}
 l - a potion of might {unknown}
 n - a potion of magic {unknown}


   Skills:
 + Level 3.0 Fighting
 + Level 1.4 Short Blades
 + Level 1.4 Long Blades
 + Level 1.4 Axes
 + Level 1.4 Maces & Flails
 + Level 1.4 Polearms
 + Level 1.4 Staves
 + Level 1.4 Slings
 + Level 1.4 Bows
 + Level 1.4 Crossbows
 + Level 3.0 Throwing
 + Level 4.8 Armour
 + Level 1.4 Dodging
 + Level 1.4 Stealth
 + Level 3.0 Shields
 + Level 1.4 Unarmed Combat
 + Level 3.1 Spellcasting
 + Level 1.1 Conjurations
 + Level 3.9 Hexes
 + Level 1.1 Summonings
 + Level 1.1 Necromancy
 + Level 1.1 Translocations
 + Level 1.1 Transmutations
 + Level 1.1 Fire Magic
 + Level 3.9 Ice Magic
 + Level 1.1 Air Magic
 + Level 1.1 Earth Magic
 + Level 1.1 Poison Magic
 + Level 1.6 Invocations
 + Level 1.4 Evocations


You had 6 spell levels left.
You knew the following spells:

 Your Spells              Type           Power      Damage    Failure   Level
a - Freeze                Ice            24%        1d5       7%          1
b - Frozen Ramparts       Ice            12%        1d3       21%         3

Your spell library contained the following spells:

 Spells                   Type           Power      Damage    Failure   Level
 Beastly Appendage        Tmut           4%         N/A       22%         1
 Spider Form              Tmut/Pois      1%         N/A       54%         3
 Borgnjor's Revivificati  Necr           1%         N/A       100%        8
 Necromutation            Tmut/Necr      1%         N/A       100%        8
 Death's Door             Necr           1%         N/A       100%        9


Dungeon Overview and Level Annotations

Branches:
Dungeon (4/15)
 Temple: D:4-7

Altars:

Shops:
D:1 (


Innate Abilities, Weirdness & Mutations

You have very sharp teeth.
Your uncanny sense of smell can sniff out nearby items.
Your experience applies equally to all skills.


Message History

You see here a +3 dagger.
The steam dragon breathes steam at you. The ball of steam hits you!
You hear a shout! x2
You are engulfed in a cloud of scalding steam.
Sorry, you're not good enough to have a special ability.
Casting: Freeze (safe; 5% risk of failure)
Confirm with . or Enter, or press ? or * to list all spells.
Casting: Frozen Ramparts (dangerous; 16% risk of failure)
Press: ? - help, Dir - look around, f - activate The walls around you are covered in ice.
The wall freezes the steam dragon.
Casting: Frozen Ramparts (dangerous; 16% risk of failure)
Confirm with . or Enter, or press ? or * to list all spells.
Aiming: Freeze (safe; 5% risk of failure)
Press: ? - help, Shift-Dir - straight line, f - steam dragon
Aim: a steam dragon (lightly wounded)
You freeze the steam dragon.
The steam dragon is lightly wounded.
The wall freezes the steam dragon.
The steam dragon breathes steam at you. The ball of steam hits you!
Casting: Freeze (safe; 5% risk of failure)
Confirm with . or Enter, or press ? or * to list all spells.
Aiming: Freeze (safe; 5% risk of failure)
Press: ? - help, Shift-Dir - straight line, f/p - steam dragon
Aim: a steam dragon (moderately wounded, catching its breath)
You freeze the steam dragon.
The steam dragon is moderately wounded.
You are engulfed in a cloud of scalding steam.
* * * LOW HITPOINT WARNING * * *
The wall freezes the steam dragon.
The steam dragon bites you.
* * * LOW HITPOINT WARNING * * *
The steam dragon closely misses you.
It was a potion of degeneration.
There was something very wrong with that liquid.
You feel weakened.
You feel dopey.
You feel clumsy.
The wall freezes the steam dragon.
The steam dragon barely misses you. The steam dragon claws you.
You die...

........†.###..........).....#***
........#....................# #
.........)###########........# #
#######......########........# #
##............#........# #
###.........§§....<...# #
#........§.§........# ##
#.............#.##### #.
###....@.####.#.# ##.
##..D#.####.#.######.. *******
#........#.......#... ,,,,,,*
##.#..#..#....#....##
,,,,,,*******#.§#.#.....###...###
,,,,,,,,,,,,*##...#.#............
,,,,,,,,∆,,,,,.#(................
***,**,,,∆,,*#.,......##.....###.
*,**,,,,,,***,......#..#....,##


You could see a steam dragon (catching breath).

Vanquished Creatures
  Jessica (D:2)
  5 adders (D:3)
  5 dart slugs
  5 orcs (D:3)
  6 ball pythons
  5 endoplasms
  3 giant cockroaches (D:3)
  4 goblins
  3 hobgoblins
  10 kobolds
  6 quokkas
  6 bats
  2 frilled lizards (D:3)
  7 rats
68 creatures vanquished.

Notes
Turn   | Place    | Note
-------+----------+-------------------------------------------
     0 | D:1      | meatgazer the Gnoll Wanderer began the quest for the Orb.
     0 | D:1      | meatgazer set off with the following items: a +0 dagger, a
                  | +0 robe, a +0 kite shield; and the following spells
                  | available to memorise: Freeze, Frozen Ramparts, Beastly
                  | Appendage, Spider Form
     0 | D:1      | Reached XP level 1. HP: 17/17 MP: 4/4
     2 | D:1      | Learned a level 1 spell: Freeze
   384 | D:1      | Reached XP level 2. HP: 21/23 MP: 5/5
   526 | D:1      | Found Leatwuomm's Weapon Shop.
  1286 | D:1      | Reached XP level 3. HP: 17/28 MP: 1/7
  1422 | D:1      | Learned a level 3 spell: Frozen Ramparts
  2059 | D:2      | Noticed Jessica
  2063 | D:2      | Killed Jessica
  2064 | D:2      | Reached skill level 1 in Short Blades
  2064 | D:2      | Reached skill level 1 in Long Blades
  2064 | D:2      | Reached skill level 1 in Axes
  2064 | D:2      | Reached skill level 1 in Maces & Flails
  2064 | D:2      | Reached skill level 1 in Polearms
  2064 | D:2      | Reached skill level 1 in Staves
  2064 | D:2      | Reached skill level 1 in Slings
  2064 | D:2      | Reached skill level 1 in Bows
  2064 | D:2      | Reached skill level 1 in Crossbows
  2064 | D:2      | Reached skill level 1 in Dodging
  2064 | D:2      | Reached skill level 1 in Stealth
  2064 | D:2      | Reached skill level 1 in Unarmed Combat
  2064 | D:2      | Reached skill level 1 in Invocations
  2064 | D:2      | Reached skill level 1 in Evocations
  2233 | D:2      | Reached XP level 4. HP: 34/34 MP: 8/8
  3127 | D:3      | Reached skill level 1 in Conjurations
  3127 | D:3      | Reached skill level 1 in Summonings
  3127 | D:3      | Reached skill level 1 in Necromancy
  3127 | D:3      | Reached skill level 1 in Translocations
  3127 | D:3      | Reached skill level 1 in Transmutations
  3127 | D:3      | Reached skill level 1 in Fire Magic
  3127 | D:3      | Reached skill level 1 in Air Magic
  3127 | D:3      | Reached skill level 1 in Earth Magic
  3127 | D:3      | Reached skill level 1 in Poison Magic
  3698 | D:3      | Reached XP level 5. HP: 40/40 MP: 9/9
  4733 | D:4      | Noticed an ogre
  4799 | D:4      | Noticed a steam dragon
  4821 | D:4      | HP: 1/41 [steam dragon (3)]
  4822 | D:4      | Slain by a steam dragon

Illustrated notes

Levels and vault maps discovered:
D:1:      zelgadis_glass_arrival_small, layout_loops_ring, serial_shops, shop,
          minivault_23
D:2:      layout_basic, uniq_jessica
D:3:      minmay_wonky_spiral, layout_loops_corners, portal_sewer_entry_f,
          mrwooster_statue_mirror, lemuel_old_faithful
D:4:      layout_rooms, kennysheep_small_square, uniq_pikel

Skill      XL: |  1  2  3  4  5 |
---------------+----------------+-----
Short Blades   | 1 |  1.4
Long Blades    | 1 |  1.4
Axes           | 1 |  1.4
Maces & Flails | 1 |  1.4
Polearms       | 1 |  1.4
Staves         | 1 |  1.4
Slings         | 1 |  1.4
Bows           | 1 |  1.4
Crossbows      | 1 |  1.4
Dodging        | 1 |  1.4
Stealth        | 1 |  1.4
Unarmed Combat | 1 |  1.4
Invocations    | 1 |  1.6
Evocations     | 1 |  1.4
Spellcasting   | 3 |  3.1
Conjurations   | 1 |  1.1
Summonings     | 1 |  1.1
Necromancy     | 1 |  1.1
Translocations | 1 |  1.1
Transmutations | 1 |  1.1
Fire Magic     | 1 |  1.1
Air Magic      | 1 |  1.1
Earth Magic    | 1 |  1.1
Poison Magic   | 1 |  1.1
Fighting       | 3 |  3.0
Throwing       | 3 |  3.0
Shields        | 3 |  3.0
Armour         | |  4.8
Hexes          | |  3.9
Ice Magic      | |  3.9

Action                   |  1- 3 |  4- 6 || total
-------------------------+-------+-------++-------
Melee: Dagger            |    55 |   127 ||   182
       Pseudopods        |     5 |     7 ||    12
       Bite              |       |     1 ||     1
 Cast: Freeze            |    23 |    18 ||    41
       Frozen Ramparts   |     3 |     2 ||     5
  Use: Scroll            |     4 |     3 ||     7
       Potion            |     2 |     1 ||     3
 Stab: Sleeping          |     1 |     3 ||     4
       Distracted        |       |     1 ||     1
Armor: Robe              |    20 |    35 ||    55
Dodge: Dodged            |    43 |    90 ||   133

Table legend: (Time is in decaauts)
 A = Elapsed time spent in this place.
 B = Non-inter-level travel time spent in this place.
 C = Inter-level travel time spent in this place.
 D = Time resting spent in this place.
 E = Time spent auto-exploring this place.
 F = Levels seen in this place.
 G = Mean time per level.
                   A        B        C        D        E       F      G
               +--------+--------+--------+--------+--------+-----+--------+
         Total |   4813 |   4728 |     85 |   1295 |   2855 |   4 | 1203.2 |
       Dungeon |   4813 |   4728 |     85 |   1295 |   2855 |   4 | 1203.2 |
               +--------+--------+--------+--------+--------+-----+--------+

Top non-repeatable levels by time:
     D:1: 1892 daAuts
     D:3: 1622 daAuts
     D:2: 1172 daAuts
     D:4: 125 daAuts
